 Dungeon Crawl Stone Soup version 0.29-a0-789-g7a8fcbc185 (webtiles) character file.

Game seed: 5161597979857516592

336507 Vylera the Eclecticist (level 21, -3/106 (109) HPs)
             Began as a Djinni Air Elementalist on June 24, 2022.
             Was the Champion of Jiyva.
             Killed from afar by a starcursed mass (7 damage)
             ... with an accursed screaming
             ... on level 3 of the Abyss on July 2, 2022.
             The game lasted 04:23:06 (33645 turns).

Vylera the Eclecticist (Djinni Air Elementalist)   Turns: 33645, Time: 04:23:07

HP:   -3/106 (109)  AC: 15    Str: 15    XL:     21   Next: 92%
Gold: 2484          EV: 22    Int: 30    God:    Jiyva [******] SH:  4 Dex: 14

rFire   + + +      SeeInvis .   a - +6 Majin-Bo {vamp, MP+6 Int+6}
rCold   + . .      Faith    .   (shield currently unavailable)
rNeg    . . .      Spirit   .   X - +3 leather armour {rC+ rF+}
rPois   ∞          Reflect  .   (helmet restricted)
rElec   +          Harm     .   u - +1 cloak "Etriptao" {rF+ Will+ Slay+2}
rCorr   +          Rampage  .   s - +0 pair of gloves "Deorgh" {rPois Slay+2 Stlth-}
Will    ++++.                   (boots unavailable)
Stlth   ++........              U - amulet of regeneration
HPRegen 2.67/turn               d - +4 ring of slaying
MPRegen 0.00/turn               W - ring "Axzosal" {Ice rElec rCorr Str+4 Slay+5}

@: swift, death channelling, flying, studying 2 skills, lightly drained, unable
to read, quick
A: sickness immunity, fire resistance 2, cold vulnerability 1, float, innate
caster, HP casting, extra vitality 1, beak, iridescent scales 1, large bone
plates 1, strong-willed 1, strong 1, wild magic 1, eyeballs 1, gelatinous body
1, translucent skin 3, tendrils, jelly sensing items, [deterioration 1], [dopey
1], [frail 3], [screaming 1], [no potion heal 2], [subdued magic 1], [inability
to drink while threatened 1], [inability to read while threatened 2]
}: 4/15 runes: serpentine, barnacled, slimy, abyssal
a: Renounce Religion, Oozemancy, Slimify


You were on level 3 of the Abyss.
You worshipped Jiyva.
Jiyva was exalted by your worship.
You visited 9 branches of the dungeon, and saw 41 of its levels.
You visited the Abyss 1 time.
You visited 1 bazaar.
You also visited: Sewer, Gauntlet and Ice Cave.

You collected 3318 gold pieces.
You spent 834 gold pieces at shops.

Inventory:

Hand Weapons
 a - the +6 Majin-Bo (weapon) {vamp, MP+6 Int+6}
   (You took it off a deep elf death mage on level 3 of the Elven Halls)

   It heals its wielder for a portion of the damage dealt when they wound a
   living foe with it or with a spell.
   Its wielder's spells cost health as well as magical power.
   Int:       It affects your intelligence (+6).
   MP:        It affects your magic capacity (+6).
 b - the +6 long sword of the Ancients {freeze, rF+ rC- Will+}
   (You found it on level 5 of the Pits of Slime)

   It freezes those it strikes, dealing additional cold damage.
   It can also slow down cold-blooded creatures.
   rF:        It protects you from fire.
   rC:        It makes you vulnerable to cold.
   Will:      It increases your willpower.
 k - the +4 spear of Qyuliat {venom, Int+4 Dex+4 SInv}
   (You found it on level 5 of the Dungeon)

   It poisons the flesh of those it strikes.
   Int:       It affects your intelligence (+4).
   Dex:       It affects your dexterity (+4).
   SInv:      It lets you see invisible.
 q - the +2 dagger of Expedience {vorpal, rElec rC+ rN+ Will+}
   (You found it on level 3 of the Dungeon)

   It inflicts extra damage upon your enemies.
   rC:        It protects you from cold.
   rElec:     It insulates you from electricity.
   rN:        It protects you from negative energy.
   Will:      It increases your willpower.
 t - the +10 rapier of Koamegg {venom, Stlth+}
   (You took it off a naga on level 3 of the Snake Pit)

   It poisons the flesh of those it strikes.
   Stlth:     It makes you more stealthy.
 K - the +8 Wrath of Trog {antimagic, *Rage Rampage}
   (You took it off a deep elf pyromancer on level 3 of the Elven Halls)

   It reduces the magical energy of the wielder, and disrupts the spells and
   magical abilities of those it strikes.
   Natural abilities and divine invocations are not affected.
   It causes slowness and exhaustion when equipped.
   It extends the wielder's berserk rage when killing foes.
   *Rage:     It berserks you when you make melee attacks (+50% chance).
   Rampage:   It bestows one free step when moving towards enemies.
 P - a +7 vorpal hand crossbow
Armour
 s - the +0 pair of gloves "Deorgh" (worn) {rPois Slay+2 Stlth-}
   (You found it in a Gauntlet)

   Slay:      It affects your accuracy & damage with ranged weapons and melee
   (+2).
   rPois:     It protects you from poison.
   Stlth:     It makes you less stealthy.
 u - the +1 cloak "Etriptao" (worn) {rF+ Will+ Slay+2}
   (You acquired it on level 2 of the Snake Pit)

   Slay:      It affects your accuracy & damage with ranged weapons and melee
   (+2).
   rF:        It protects you from fire.
   Will:      It increases your willpower.
 N - the +0 helmet of Esher {rF- rC++}
   (You found it on level 1 of the Lair of Beasts)

   rF:        It makes you vulnerable to fire.
   rC:        It greatly protects you from cold.
 X - a +3 leather armour of resistance (worn)
 Z - a +0 helmet of intelligence
Jewellery
 d - a +4 ring of slaying (left hand)
 o - a ring of positive energy
 B - an amulet of the acrobat
 L - a ring of protection from cold
 M - a ring of protection from fire
 U - an amulet of regeneration (around neck)
 W - the ring "Axzosal" (right hand) {Ice rElec rCorr Str+4 Slay+5}
   (You found it on level 5 of the Pits of Slime)

   [ring of ice]

   It enhances your ice magic.
   Str:       It affects your strength (+4).
   Slay:      It affects your accuracy & damage with ranged weapons and melee
   (+5).
   rF:        It makes you vulnerable to fire.
   rC:        It protects you from cold.
   rElec:     It insulates you from electricity.
   rCorr:     It protects you from acid and corrosion.
Wands
 j - a wand of flame (53)
 m - a wand of digging (5)
 n - a wand of acid (21)
 v - a wand of mindburst (16)
 A - a wand of iceblast (7)
 I - a wand of charming (10)
Scrolls
 e - 2 scrolls of torment
 f - 7 scrolls of fog
 i - 3 scrolls of summoning
 w - 8 scrolls of teleportation
 y - 4 scrolls of enchant weapon
 z - 5 scrolls of poison
 C - 5 scrolls of vulnerability
 D - a scroll of fear
 F - 6 scrolls of identify
 G - 2 scrolls of enchant armour
 Q - a scroll of silence
 T - a scroll of blinking
 Y - 3 scrolls of magic mapping
Potions
 c - 5 potions of mutation
 g - 14 potions of curing
 l - 3 potions of resistance
 p - 8 potions of might
 x - a potion of berserk rage
 E - 6 potions of lignification
 J - a potion of brilliance
 R - 3 potions of haste
Miscellaneous
 H - a condenser vane
 O - a phial of floods
 V - a box of beasts


   Skills:
 + Level 16.1 Fighting
 - Level 6.6 Long Blades
 * Level 5.2 Staves
 - Level 14.5 Armour
 + Level 18.5 Dodging
 - Level 1.5 Stealth
 * Level 19.3 Spellcasting
 - Level 7.0 Evocations


You had 4 spell levels left.
You knew the following spells:

 Your Spells              Type           Power      Damage    Failure   Level
a - Shock                 Conj/Air       100%       1d9       1%          1
b - Static Discharge      Conj/Air       98%        3-16/arc  1%          2
c - Swiftness             Air            98%        N/A       1%          3
d - Airstrike             Air            49%        0-15+     1%          4
e - Freeze                Ice            100%       1d11      1%          1
f - Scorch                Fire           100%       2d10      1%          2
g - Frozen Ramparts       Ice            100%       1d12      1%          3
h - Summon Guardian Gole  Hex/Summ       98%        N/A       1%          3
i - Agony                 Necr           98%        N/A       1%          5
j - Manifold Assault      Tloc           98%        N/A       1%          5
k - Statue Form           Tmut/Erth      65%        N/A       1%          6
l - Death Channel         Necr           49%        N/A       1%          6
m - Iron Shot             Conj/Erth      49%        9d9       1%          6
n - Dragon Form           Tmut           49%        N/A       1%          7
Your spell library was empty.

Dungeon Overview and Level Annotations

Branches:
Dungeon (15/15)            Temple (0/1) D:6            Lair (6/6) D:9
 Shoals (4/4) Lair:4        Snake (4/4) Lair:4        Slime (5/5) Lair:6
    Orc (2/2) D:11            Elf (3/3) Orc:2        Vaults (1/5) D:13
 Depths (1/4) D:15          Sewer (visited)           IceCv (visited)
Gauntlet (visited)

Altars:
Ashenzari
Dithmenos
Makhleb
Qazlal
Ru
Trog
Uskayaw
Wu Jian
Yredelemnul
The Shining One
Jiyva

Shops:
D:5 (   D:6 =   D:10 [[   D:13 *   Orc:1 *   Orc:2 :(*[   Elf:2 :![[*   Elf:3 [
Shoals:2 *[*(?   Snake:2 =*

Portals:
Trove: Vaults:1 (give +6 fire dragon scales)

Annotations:
Slime:5 Royal Jelly
Elf:2 3 runed translucent doors


Innate Abilities, Weirdness & Mutations

You are immune to sickness and miasma.
You are immune to poison.
Your flesh is very heat resistant. (rF++)
You are vulnerable to cold. (rC-)
You float through the air rather than walking.
You learn spells naturally, not from books.
Your magical power is your life essence.
You have superior vitality. (+4 MHP)
You have a beak for a mouth.
You are partially covered in iridescent scales. (AC +2)
You are partially covered in large bone plates. (SH +4)
You are strong-willed. (Will+)
Your muscles are strong. (Str +4, Int/Dex -1)
Your spells are a little harder to cast, but a little more powerful.
Your body has grown eyes which may confuse attackers. (Acc +3)
Your rubbery body absorbs attacks. (AC +1, EV +1)
Your transparent skin significantly reduces your foes' accuracy. (Stealth+)
You are covered in slimy tendrils that may disarm your opponents.
You have a small jelly attached to you that senses nearby items.
[Your body sometimes deteriorates upon taking damage.]
[You are dopey. (Int -2)]
[You are extremely frail. (-30% HP)]
[You occasionally shout uncontrollably at your foes.]
[Potions cannot restore your health.]
[Your spells are a little easier to cast, but a little less powerful.]
[You occasionally lose the ability to drink potions when taking damage.]
[You sometimes lose the ability to read scrolls when taking damage.]


Message History

A cacophony of accursed wailing tears at your sanity!
You feel threatened and lose the ability to drink potions!
* * * LOW HITPOINT WARNING * * *
You suddenly lose the ability to move!
A starcursed mass splits.
The thrashing horror tramples you but does no damage. x2
The thrashing horror roars!
The thrashing horror tramples you!
* * * LOW HITPOINT WARNING * * *
You are shoved backwards!
A cacophony of accursed wailing tears at your sanity!
* * * LOW HITPOINT WARNING * * *
A starcursed mass splits.
You can move again.
You cannot read scrolls in your current state!
The thrashing horror attacks as you move away!
The thrashing horror completely misses you. x2
Found a gateway leading deeper into the Abyss.
The thrashing horror barely misses you.
The thrashing horror tramples you but does no damage.
The starcursed mass barely misses you.
A starcursed mass splits. x3
The thrashing horror closely misses you.
You block the thrashing horror's attack.
The thrashing horror attacks as you move away!
The thrashing horror barely misses you.
The thrashing horror completely misses you.
A large abomination comes into view.
The starcursed mass touches you!
* * * LOW HITPOINT WARNING * * *
The thrashing horror completely misses you.
You block the thrashing horror's attack.
The thrashing horror attacks as you move away!
The thrashing horror tramples you!
* * * LOW HITPOINT WARNING * * *
You block the thrashing horror's attack.
You can drink potions again.
The starcursed mass closely misses you.
A starcursed mass splits.
The thrashing horror tramples you but does no damage.
The thrashing horror completely misses you.
A cacophony of accursed wailing tears at your sanity!
You die...

#.. #..# ... # .#.
####..##..##..#
#.............X....#
#. #................##
#.
##................#.
.#
##......X........#...
. ...###.XXX.#......#
####...###XXX
##@..###. #.#.
...#.....#XXX..>..# #
#...........XXXX.....#
#
.............XX..###.
# #.................#
#.....#.....#.....#
##...###...###...#.#
#....##..... .....#..
# ........... .......


You could see 8 starcursed masses, a thrashing horror and a large abomination.

Vanquished Creatures
  Bai Suzhen (Shoals:3)
  Mlioglotl (Snake:1)
  2 deep elf master archers (Elf:3)
  2 deep elf blademasters (Elf:3)
  Frances (Snake:1)
  A shadow dragon (Vaults:1)
  Ilsuiw (Shoals:3)
  3 nagarajas
  An orc warlord (Vaults:1)
  2 frost giants (Shoals:4)
  3 vault wardens (Vaults:1)
  4 deep elf sorcerers
  Aizul (Snake:1)
  4 deep elf elementalists (Elf:3)
  A stone giant (Vaults:1)
  4 ironbound preservers (Vaults:1)
  2 very ugly things (Abyss:3)
  5 deep elf demonologists
  2 ironbound thunderhulks (Vaults:1)
  A dire elephant (D:15)
  8 deep elf annihilators (Elf:3)
  Azrael (Snake:3)
  An entropy weaver (Vaults:1)
  A fire dragon (D:9)
  5 deep elf death magi
  2 deep elf high priests
  5 merfolk javelineers
  11 merfolk impalers
  Josephine (Shoals:1)
  2 spectral krakens (Shoals:3)
  A spriggan zombie (Depths:1)
  4 caustic shrike simulacra (IceCv)
  8 hydras
  10 vault guards
  A merfolk avatar (Shoals:2)
  Erolcha (D:9)
  4 boulder beetles
  Erica (D:10)
  A salamander tyrant (Snake:4)
  2 ironbound frosthearts (Vaults:1)
  An ogre mage (D:15)
  6 centaur warriors
  2 ghost crabs (Shoals:3)
  4 anacondas
  7 two-headed ogres
  7 naga warriors
  A catoblepas (Lair:6)
  8 merfolk aquamancers
  12 dancing weapons
  3 tengu warriors
  A satyr (Shoals:4)
  12 death yaks
  A deep troll earth mage (D:15)
  9 naga sharpshooters
  An orc high priest (Orc:2)
  2 thrashing horrors (Abyss:3)
  Nergalle (Lair:4)
  5 shock serpents
  An iron troll (D:15)
  4 wretched stars (Abyss:3)
  Lodul (D:14)
  5 salamander mystics
  9 deep elf knights
  4 skeletal warriors (D:11)
  4 sea snakes
  2 ironbound convokers (Vaults:1)
  A wizard (D:14)
  6 naga ritualists
  12 harpies
  12 deep elf archers
  2 obsidian statues (IceCv)
  21 deep elf pyromancers
  2 bog bodies (IceCv)
  8 orc knights (Orc:2)
  16 deep elf zephyrmancers
  5 mana vipers
  3 orc sorcerers
  6 fauns
  6 necromancers
  15 manticores
  6 ugly things
  10 salamanders
  7 cyclopes
  6 merfolk sirens
  5 elephants
  8 naga magi
  2 ice statues
  2 vault sentinels (Vaults:1)
  5 guardian serpents
  3 torpor snails (Lair:6)
  An apocalypse crab (Abyss:3)
  33 black mambas
  8 water nymphs
  2 gargoyles
  2 spectral sea snakes (Shoals:3)
  2 unseen horrors (D:12)
  5 freezing wraiths (IceCv)
  6 cane toads
  An efreet (D:14)
  5 komodo dragons
  7 yaktaurs
  8 rime drakes
  A tengu conjurer (D:14)
  2 ice devils (IceCv)
  An ancient zyme (Abyss:3)
  3 golden dragon simulacra (IceCv)
  A queen bee (Abyss:3)
  5 wind drakes
  21 merfolk
  4 meliai (Abyss:3)
  A tyrant leech (Gauntlet)
  3 hornets (Lair:6)
  3 trolls
  10 saltlings (Orc:2)
  18 blink frogs
  7 polar bears
  A spectral manticore (Shoals:3)
  13 snapping turtles
  A spectral merfolk (Shoals:3)
  6 dream sheep (Lair:6)
  A jumping spider (Vaults:1)
  14 spriggans (Lair:6)
  A culicivora (Vaults:1)
  A dire elephant simulacrum (IceCv)
  4 wyverns
  5 air elementals
  2 vampires
  2 shadows
  10 wraiths
  9 water elementals
  55 yaks
  6 large abominations
  9 basilisks
  A fire bat (Lair:1)
  3 fire elementals
  3 steam dragons
  A warg (Orc:2)
  Menkaure (D:5)
  A vampire mosquito (D:13)
  35 nagas
  4 swamp worms (Gauntlet)
  10 water moccasins
  3 hell hounds
  3 hydra simulacra (IceCv)
  A spectral snapping turtle (Shoals:3)
  19 orc warriors
  A small abomination (Abyss:3)
  3 ice beasts
  6 black bears
  15 ogres
  2 ettin simulacra (IceCv)
  52 wolves
  4 boggarts (Lair:6)
  8 centaurs
  A kobold brigand (D:9)
  3 phantoms
  5 bullfrogs
  3 elf zombies (Elf:1)
  A gnoll sergeant (D:12)
  3 earth elementals
  2 scorpions
  A necrophage (D:8)
  21 killer bees
  6 howler monkeys
  A wyvern simulacrum (Gauntlet)
  2 starcursed masses (Abyss:3)
  14 orc priests
  A bouda (D:8)
  2 hounds
  An iguana (D:5)
  20 orc wizards
  3 polar bear simulacra (Lair:4)
  5 wolf simulacra (Lair:4)
  Robin (D:3)
  11 gnolls
  8 adders
  8 river rats (Sewer)
  2 shadow imps
  A white imp (Abyss:3)
  A worm (D:2)
  A dart slug (D:3)
  55 orcs
  2 endoplasms (D:1)
  5 giant cockroaches
  10 goblins (D:3)
  13 hobgoblins
  6 jackals
  5 quokkas
  6 ball pythons
  3 bats
  3 frilled lizards
  23 kobolds
  32 rats
  2 river rat simulacra (Lair:4)
  A spectral orc (D:6)
  2 bushes
  4 tentacles (Shoals:3)
1170 creatures vanquished.

Vanquished Creatures (collateral kills)
  Nikola (Lair:4)
  An orc warlord (Vaults:1)
  3 deep elf sorcerers
  2 vault wardens (Vaults:1)
  2 reapers (IceCv)
  An ironbound preserver (Vaults:1)
  A very ugly thing (Abyss:3)
  A dire elephant (Vaults:1)
  A merfolk javelineer (Shoals:2)
  2 vault guards (Vaults:1)
  A ghost crab (Shoals:3)
  A merfolk avatar (Shoals:2)
  A salamander tyrant (Snake:4)
  An anaconda (Snake:4)
  2 two-headed ogres (D:15)
  6 naga warriors
  2 death yaks (Lair:5)
  A shock serpent (Snake:4)
  2 deep elf knights
  3 naga sharpshooters
  2 sea snakes
  3 salamander mystics (Snake:4)
  A deep elf archer (Elf:1)
  2 ironbound convokers (Vaults:1)
  3 harpies
  A deep elf zephyrmancer (Elf:1)
  An orc knight (Vaults:1)
  A naga ritualist (Snake:4)
  4 fauns (Shoals:2)
  4 salamanders
  A deep elf pyromancer (Elf:1)
  2 mana vipers
  2 manticores
  3 merfolk sirens
  A guardian serpent (Snake:4)
  A water nymph (Shoals:2)
  4 black mambas
  7 naga magi
  4 yaktaurs (Vaults:1)
  12 merfolk
  A meliai (Abyss:3)
  2 wind drakes
  A blink frog (Lair:1)
  2 centaur simulacra (Gauntlet)
  4 water elementals
  A large abomination (Elf:1)
  2 fire elementals (Snake:3)
  9 nagas
  A hell hound (Snake:3)
  An orc warrior (Orc:1)
  An ice beast (D:5)
  An iguana (D:5)
120 creatures vanquished.

Vanquished Creatures (others)
  Vashnia (Snake:2)
  An acid blob (Orc:2)
  A deep elf sorcerer (Elf:1)
  A reaper (IceCv)
  A great orb of eyes (Vaults:1)
  A minotaur (Gauntlet)
  2 anacondas
  A two-headed ogre (D:9)
  6 naga sharpshooters
  A shock serpent (Snake:2)
  A deep elf knight (Elf:1)
  A naga ritualist (Snake:2)
  An orc sorcerer (Orc:2)
  A deep elf pyromancer (Elf:1)
  A deep elf zephyrmancer (Elf:2)
  A necromancer (Elf:1)
  3 merfolk sirens
  Joseph (D:7)
  A naga mage (Snake:1)
  A black mamba (Snake:2)
  2 guardian serpents (Snake:4)
  Maggie (D:7)
  A cane toad (Lair:6)
  19 slime creatures
  A dream sheep (Lair:6)
  A water elemental (Shoals:4)
  4 yaks (D:12)
  4 nagas
  Duvessa (D:5)
  A black bear (D:6)
  4 wolves
  A centaur (D:11)
  Dowan (D:5)
  3 killer bees (D:9)
  A howler monkey (D:9)
  An orc priest (D:3)
  A hound (D:4)
  199 jellies
  Crazy Yiuf (D:3)
  2 orc wizards
  2 gnolls (D:5)
  3 adders
  A white imp (D:5)
  A worm (D:3)
  A dart slug (D:4)
  4 orcs
  2 ball pythons
  A giant cockroach (D:2)
  A goblin (D:3)
  2 hobgoblins (D:2)
  6 jackals
  4 kobolds (Sewer)
  A frilled lizard (D:3)
  3 rats
  A river rat simulacrum (Lair:4)
  75 fungi
  12 pillars of salt (Orc:2)
  239 plants
  17 tentacles (Shoals:3)
  16 withered plants (Shoals:3)
669 creatures vanquished.

Grand Total: 1959 creatures vanquished

Notes
Turn   | Place    | Note
-------+----------+-------------------------------------------
     0 | D:1      | Vylera the Djinni Air Elementalist began the quest for the
                  | Orb.
     0 | D:1      | Vylera set off with the following spells memorised: Shock,
                  | Static Discharge, Swiftness, Airstrike.
     0 | D:1      | Reached XP level 1. HP: 15/15 MP: 0/0
   450 | D:1      | Reached XP level 2. HP: 20/21 MP: 0/0
   671 | D:1      | Reached skill level 3 in Spellcasting
   682 | D:1      | Found a faded altar of an unknown god.
   689 | D:1      | Prayed at the altar of an unknown god.
   689 | D:1      | Became a worshipper of Jiyva Jeriegh the Shapeless
   689 | D:1      | Reached * piety under Jiyva
  1249 | D:2      | Found an ornate altar of the Wu Jian Council.
  1298 | D:2      | Reached XP level 3. HP: 22/25 MP: 0/0
  1298 | D:2      | Learned a level 1 spell: Freeze
  1353 | D:2      | Reached ** piety under Jiyva
  2488 | D:3      | Found a bloodstained altar of Trog.
  2525 | D:3      | Identified the +2 dagger of Expedience {vorpal, rElec rC+
                  | rN+ Will+}
  2541 | D:3      | Found a runed translucent door.
  2542 | D:3      | Noticed Crazy Yiuf
  2567 | D:3      | Reached XP level 4. HP: 31/31 MP: 0/0
  2635 | D:3      | Reached skill level 4 in Spellcasting
  2670 | D:3      | Reached XP level 5. HP: 35/35 MP: 0/0
  2670 | D:3      | Learned a level 2 spell: Scorch
  2679 | D:3      | Noticed Robin
  2686 | D:3      | Killed Robin
  3112 | D:3      | Killed Crazy Yiuf
  3155 | D:3      | Reached XP level 6. HP: 40/40 MP: 0/0
  3304 | D:4      | Reached *** piety under Jiyva
  3308 | D:4      | Noticed a +0 dagger
  3310 | D:4      | Found a hide-covered altar of Uskayaw.
  3310 | D:4      | Noticed a +0 dagger
  3352 | D:4      | Gained mutation: You are somewhat resistant to further
                  | mutation. [Jiyva's grace]
  3352 | D:4      | Gained mutation: You are somewhat resistant to both further
                  | mutation and mutation removal. [Jiyva's grace]
  3352 | D:4      | Gained mutation: You are almost entirely resistant to
                  | further mutation and mutation removal. [Jiyva's grace]
  3352 | D:4      | Gained mutation: Your spells are a little harder to cast,
                  | but a little more powerful. [Jiyva's grace]
  3378 | D:4      | Reached skill level 5 in Spellcasting
  3416 | D:4      | Found a burning altar of Makhleb.
  3667 | D:5      | Entered Level 5 of the Dungeon
  3679 | D:5      | Noticed an ice beast
  3686 | D:5      | Killed an ice beast
  3687 | D:5      | Reached XP level 7. HP: 45/45 MP: 0/0
  3687 | D:5      | Learned a level 3 spell: Frozen Ramparts
  3702 | D:5      | Reached skill level 6 in Spellcasting
  3744 | D:5      | Reached **** piety under Jiyva
  3806 | D:5      | Reached XP level 8. HP: 37/50 MP: 0/0
  3863 | D:5      | Noticed Menkaure
  3873 | D:5      | Killed Menkaure
  3874 | D:5      | Reached skill level 7 in Spellcasting
  3901 | D:5      | Found Opeyhom's Weapon Shop.
  4057 | D:5      | Found a glowing drain.
  4074 | Sewer    | Entered a sewer
  4566 | D:5      | Killed Dowan
  4625 | D:5      | Reached skill level 8 in Spellcasting
  4777 | D:5      | Reached ***** piety under Jiyva
  4794 | D:5      | Identified the +4 spear of Qyuliat {venom, Int+4 Dex+4
                  | SInv}
  4956 | D:5      | Killed Duvessa
  5159 | D:6      | Found a sacrificial altar of Ru.
  5186 | D:6      | Reached XP level 9. HP: 55/55 MP: 0/0
  5186 | D:6      | Learned a level 3 spell: Summon Guardian Golem
  5214 | D:6      | Reached skill level 1 in Armour
  5290 | D:6      | Found Egyjaebb's Jewellery Boutique.
  5328 | D:6      | Found a basalt altar of Yredelemnul.
  5528 | D:6      | Gained mutation: You have a small jelly attached to you
                  | that may absorb projectiles. [Jiyva's grace]
  5528 | D:6      | Gained mutation: You passively dampen the noise of your
                  | surroundings. [Jiyva's grace]
  5528 | D:6      | Gained mutation: Your flesh is almost immune to the effects
                  | of heat. (rF+++) [Jiyva's grace]
  5528 | D:6      | Gained mutation: You are agile. (Dex +4, Str/Int -1)
                  | [Jiyva's grace]
  5534 | D:6      | Found a staircase to the Ecumenical Temple.
  5865 | D:7      | Reached skill level 9 in Spellcasting
  5984 | D:7      | Reached skill level 5 in Dodging
  5985 | D:7      | Reached XP level 10. HP: 30/60 MP: 0/0
  6004 | D:7      | Noticed Joseph
  6013 | D:7      | Killed Joseph
  6050 | D:7      | Reached ****** piety under Jiyva
  6163 | D:7      | Noticed Maggie
  6172 | D:7      | Killed Maggie
  6173 | D:7      | Reached skill level 5 in Armour
  7154 | D:8      | You are sucked into a shaft and drop 2 floors!
  7154 | D:10     | Entered Level 10 of the Dungeon
  7189 | D:9      | Noticed Erolcha
  7196 | D:9      | Reached skill level 10 in Spellcasting
  7219 | D:9      | Reached XP level 11. HP: 65/65 MP: 0/0
  7219 | D:9      | Learned a level 5 spell: Agony
  7316 | D:9      | Found a glowing golden altar of the Shining One.
  7358 | D:9      | Lost mutation: You are almost entirely resistant to further
                  | mutation and mutation removal. [Jiyva's grace]
  7358 | D:9      | Lost mutation: You passively dampen the noise of your
                  | surroundings. [Jiyva's grace]
  7358 | D:9      | Gained mutation: You are very agile. (Dex +8, Str/Int -2)
                  | [Jiyva's grace]
  7358 | D:9      | Gained mutation: Your spells are harder to cast, but more
                  | powerful. [Jiyva's grace]
  7358 | D:9      | Gained mutation: Your spells are much harder to cast, but
                  | much more powerful. [Jiyva's grace]
  7358 | D:9      | Gained mutation: You possess an exceptional clarity of
                  | mind. [Jiyva's grace]
  7398 | D:9      | Noticed a fire dragon
  7556 | D:9      | Found a shadowy altar of Dithmenos.
  7658 | D:9      | Noticed a two-headed ogre
  7665 | D:9      | Killed a two-headed ogre
  7778 | D:9      | Found a staircase to the Lair.
  7901 | D:9      | Killed Erolcha
  8103 | D:9      | Killed a fire dragon
  8151 | Lair:1   | Entered Level 1 of the Lair of Beasts
  8228 | Lair:1   | Reached skill level 11 in Spellcasting
  8241 | Lair:1   | Found a transporter.
  8390 | D:6      | Identified the +6 scale mail of the Sneaky Wonders {Drain
                  | Fly rN++ Int+4}
  8814 | Lair:1   | Found a transporter.
  8837 | Lair:1   | Reached XP level 12. HP: 65/71 MP: 0/0
  8871 | Lair:1   | Reached skill level 1 in Fighting
  8874 | Lair:1   | Identified the +0 helmet of Esher {rF- rC++}
  8878 | Lair:1   | Identified the +7 scimitar "Xiun" {spect, rF- Str+7 SInv}
  8896 | Lair:1   | Noticed a six-headed hydra
  8908 | Lair:1   | Killed a six-headed hydra
  9231 | Lair:1   | Reached skill level 10 in Dodging
  9311 | Lair:2   | Lost mutation: You are very agile. (Dex +8, Str/Int -2)
                  | [Jiyva's grace]
  9311 | Lair:2   | Lost mutation: You possess an exceptional clarity of mind.
                  | [Jiyva's grace]
  9311 | Lair:2   | Lost mutation: Your flesh is almost immune to the effects
                  | of heat. (rF+++) [Jiyva's grace]
  9311 | Lair:2   | Lost mutation: Your spells are much harder to cast, but
                  | much more powerful. [Jiyva's grace]
  9311 | Lair:2   | Lost mutation: Your spells are harder to cast, but more
                  | powerful. [Jiyva's grace]
  9311 | Lair:2   | Gained mutation: You are partially covered in iridescent
                  | scales. (AC +2) [Jiyva's grace]
  9311 | Lair:2   | Gained mutation: You are mostly covered in iridescent
                  | scales. (AC +4) [Jiyva's grace]
  9311 | Lair:2   | Gained mutation: You are completely covered in iridescent
                  | scales. (AC +6) [Jiyva's grace]
  9311 | Lair:2   | Gained mutation: You expend health (3 HP) to strengthen
                  | your wands. [Jiyva's grace]
 10411 | Lair:3   | Lost mutation: You are somewhat resistant to both further
                  | mutation and mutation removal. [Jiyva's grace]
 10411 | Lair:3   | Gained mutation: Your translucent skin slightly reduces
                  | your foes' accuracy. (Stealth+) [Jiyva's grace]
 10411 | Lair:3   | Gained mutation: Your translucent skin reduces your foes'
                  | accuracy. (Stealth+) [Jiyva's grace]
 10411 | Lair:3   | Gained mutation: Your transparent skin significantly
                  | reduces your foes' accuracy. (Stealth+) [Jiyva's grace]
 10411 | Lair:3   | Gained mutation: You have a small jelly attached to you
                  | that senses nearby items. [Jiyva's grace]
 10710 | Lair:4   | Noticed a seven-headed hydra
 10715 | Lair:4   | Killed a seven-headed hydra
 10730 | Lair:4   | Reached XP level 13. HP: 74/83 MP: 0/0
 10730 | Lair:4   | Learned a level 5 spell: Manifold Assault
 10734 | Lair:4   | Noticed Nergalle
 10735 | Lair:4   | Reached skill level 12 in Spellcasting
 10739 | Lair:4   | Killed Nergalle
 10840 | Lair:4   | Found a staircase to the Shoals.
 10878 | Lair:4   | Found a staircase to the Snake Pit.
 11543 | Lair:4   | Reached skill level 5 in Fighting
 11606 | Lair:4   | Reached skill level 10 in Armour
 11934 | Lair:5   | You are sucked into a shaft and drop 1 floor!
 11934 | Lair:6   | Entered Level 6 of the Lair of Beasts
 12109 | Lair:5   | Lost mutation: Your spells are a little harder to cast, but
                  | a little more powerful. [Jiyva's grace]
 12109 | Lair:5   | Lost mutation: You have a small jelly attached to you that
                  | senses nearby items. [Jiyva's grace]
 12109 | Lair:5   | Gained mutation: You are very agile. (Dex +8, Str/Int -2)
                  | [Jiyva's grace]
 12109 | Lair:5   | Gained mutation: Your rubbery body absorbs attacks. (AC +1,
                  | EV +1) [Jiyva's grace]
 12109 | Lair:5   | Gained mutation: Your pliable body absorbs attacks. (AC +2,
                  | EV +2) [Jiyva's grace]
 12109 | Lair:5   | Gained mutation: Your gelatinous body deflects attacks. (AC
                  | +3, EV +3) [Jiyva's grace]
 12401 | Lair:6   | Found a runed translucent door.
 12412 | Lair:6   | Found a staircase to the Slime Pits.
 12421 | Slime:1  | Entered Level 1 of the Pits of Slime
 12425 | Slime:2  | Noticed an acid blob
 12438 | Slime:2  | Noticed a rockslime
 12439 | Slime:2  | Noticed a quicksilver ooze
 12446 | Slime:3  | Noticed an acid blob
 12446 | Slime:3  | Noticed a rockslime
 12456 | Slime:4  | Noticed a rockslime
 12467 | Slime:5  | Entered Level 5 of the Pits of Slime
 12467 | Slime:5  | Noticed an acid blob
 12484 | Slime:5  | Noticed a quicksilver ooze
 12485 | Slime:5  | Found a viscous altar of Jiyva.
 12485 | Slime:5  | Noticed a quicksilver ooze
 12485 | Slime:5  | Noticed an acid blob
 12485 | Slime:5  | Noticed a great orb of eyes
 12486 | Slime:5  | Noticed an acid blob
 12486 | Slime:5  | Noticed a great orb of eyes
 12486 | Slime:5  | Noticed an acid blob
 12486 | Slime:5  | Noticed the Royal Jelly
 12490 | Slime:5  | Identified the +6 long sword of the Ancients {freeze, rF+
                  | rC- Will+}
 12491 | Slime:5  | Noticed a rockslime
 12492 | Slime:5  | Identified the +5 ring mail of the Hot Ocelot {Dex+2}
 12493 | Slime:5  | Noticed an acid blob
 12494 | Slime:5  | Noticed an acid blob
 12495 | Slime:5  | Noticed a rockslime
 12497 | Slime:5  | Noticed a quicksilver ooze
 12504 | Slime:5  | Got a slimy rune of Zot
 12506 | Slime:5  | Noticed an acid blob
 12514 | Slime:5  | Identified the ring "Axzosal" {Ice rElec rCorr Str+4
                  | Slay+5}
 12568 | Slime:5  | Noticed a quicksilver ooze
 12576 | Slime:5  | Noticed an acid blob
 12628 | Slime:5  | Noticed a quicksilver ooze
 12654 | Slime:5  | Noticed an acid blob
 12657 | Slime:5  | Noticed an azure jelly
 12675 | Slime:5  | Noticed a great orb of eyes
 12826 | Slime:4  | Noticed a great orb of eyes
 12831 | Slime:4  | Noticed a rockslime
 12948 | Lair:6   | Reached XP level 14. HP: 94/94 MP: 0/0
 12978 | Lair:6   | Reached skill level 13 in Spellcasting
 13195 | Lair:6   | Identified the +1 pair of gloves "Damnable Contraption"
                  | {Harm *Slow Slay+3}
 13779 | Lair:6   | Found a stormy altar of Qazlal.
 14424 | D:10     | Noticed Erica
 14433 | D:10     | Killed Erica
 14605 | D:10     | Found Xuresm's Armour Boutique.
 14614 | D:10     | Reached XP level 15. HP: 103/103 MP: 0/0
 14614 | D:10     | Learned a level 6 spell: Statue Form
 14709 | D:10     | Found Ibleggymne's Superior Scales.
 14865 | D:11     | Lost mutation: You are completely covered in iridescent
                  | scales. (AC +6) [Jiyva's grace]
 14865 | D:11     | Lost mutation: You are very agile. (Dex +8, Str/Int -2)
                  | [Jiyva's grace]
 14865 | D:11     | Lost mutation: You are somewhat resistant to further
                  | mutation. [Jiyva's grace]
 14865 | D:11     | Lost mutation: Your gelatinous body deflects attacks. (AC
                  | +3, EV +3) [Jiyva's grace]
 14865 | D:11     | Lost mutation: Your pliable body absorbs attacks. (AC +2,
                  | EV +2) [Jiyva's grace]
 14865 | D:11     | Lost mutation: You expend health (3 HP) to strengthen your
                  | wands. [Jiyva's grace]
 14865 | D:11     | Gained mutation: You have hidden genetic potential.
                  | [Jiyva's grace]
 14865 | D:11     | Gained mutation: You have great hidden genetic potential.
                  | [Jiyva's grace]
 14865 | D:11     | Gained mutation: Your melee attacks may engulf your foes in
                  | ooze. [Jiyva's grace]
 14865 | D:11     | Gained mutation: Your pliable body absorbs attacks. (AC +2,
                  | EV +2) [Jiyva's grace]
 14906 | D:11     | Found a broken altar of Ashenzari.
 14949 | D:11     | Reached skill level 14 in Spellcasting
 14985 | D:11     | Found a staircase to the Orcish Mines.
 15005 | Orc:1    | Entered Level 1 of the Orcish Mines
 15051 | Orc:1    | Noticed an acid blob
 15051 | Orc:1    | an orc knight changed into an acid blob
 15147 | Orc:2    | Entered Level 2 of the Orcish Mines
 15149 | Orc:2    | Found a staircase to the Elven Halls.
 15167 | Orc:2    | Paralysed by an orc sorcerer for 5 turns
 15721 | Orc:2    | Noticed an acid blob
 15721 | Orc:2    | an orc sorcerer changed into an acid blob
 15723 | Orc:2    | Killed an acid blob
 15774 | Orc:2    | Found Fuonet's Antique Weapon Shop.
 15776 | Orc:2    | Found Ufomn's Assorted Antiques.
 15827 | Orc:2    | Found Cuxzusus's Book Emporium.
 15860 | Orc:2    | Found Xohininn's Antique Armour Boutique.
 15903 | Orc:2    | Bought a shiny helmet for 262 gold pieces
 15970 | Orc:2    | Found a burning altar of Makhleb.
 16153 | Orc:1    | Found Qaveel's General Store.
 16163 | Orc:1    | Bought a potion of curing for 51 gold pieces
 16163 | Orc:1    | Bought 2 potions of heal wounds for 170 gold pieces
 16330 | D:11     | Lost mutation: You are agile. (Dex +4, Str/Int -1) [Jiyva's
                  | grace]
 16330 | D:11     | Lost mutation: Your pliable body absorbs attacks. (AC +2,
                  | EV +2) [Jiyva's grace]
 16330 | D:11     | Lost mutation: You have great hidden genetic potential.
                  | [Jiyva's grace]
 16330 | D:11     | Lost mutation: Your melee attacks may engulf your foes in
                  | ooze. [Jiyva's grace]
 16330 | D:11     | Lost mutation: You have hidden genetic potential. [Jiyva's
                  | grace]
 16330 | D:11     | Gained mutation: You are somewhat resistant to further
                  | mutation. [Jiyva's grace]
 16330 | D:11     | Gained mutation: You are somewhat resistant to both further
                  | mutation and mutation removal. [Jiyva's grace]
 16330 | D:11     | Gained mutation: You are almost entirely resistant to
                  | further mutation and mutation removal. [Jiyva's grace]
 16330 | D:11     | Gained mutation: You are completely covered in iridescent
                  | scales. (AC +6) [Jiyva's grace]
 17467 | D:13     | Found a gate to the Vaults.
 17563 | D:13     | Reached XP level 16. HP: 107/112 MP: 0/0
 17793 | D:13     | Found Tivudyl's General Store.
 18110 | D:14     | Lost mutation: You are completely covered in iridescent
                  | scales. (AC +6) [Jiyva's grace]
 18110 | D:14     | Lost mutation: You are mostly covered in iridescent scales.
                  | (AC +4) [Jiyva's grace]
 18110 | D:14     | Lost mutation: You are almost entirely resistant to further
                  | mutation and mutation removal. [Jiyva's grace]
 18110 | D:14     | Lost mutation: You are somewhat resistant to both further
                  | mutation and mutation removal. [Jiyva's grace]
 18110 | D:14     | Lost mutation: You are somewhat resistant to further
                  | mutation. [Jiyva's grace]
 18110 | D:14     | Lost mutation: Your transparent skin significantly reduces
                  | your foes' accuracy. (Stealth+) [Jiyva's grace]
 18110 | D:14     | Gained mutation: You are resistant to electric shocks.
                  | (rElec) [Jiyva's grace]
 18110 | D:14     | Gained mutation: Your body has grown eyes which may confuse
                  | attackers. (Acc +3) [Jiyva's grace]
 18110 | D:14     | Gained mutation: Your body has grown many eyes which may
                  | confuse attackers. (Acc +5) [Jiyva's grace]
 18110 | D:14     | Gained mutation: Your body is covered in eyes which may
                  | confuse attackers. (Acc +7, SInv) [Jiyva's grace]
 18149 | D:14     | Found a gate leading to a gauntlet.
 18168 | Gauntlet | Entered a Gauntlet
 18168 | Gauntlet | Found a transporter.
 18168 | Gauntlet | Found a runed translucent door.
 18168 | Gauntlet | Found a runed translucent door.
 18175 | Gauntlet | Found a transporter.
 18179 | Gauntlet | Found a transporter.
 18194 | Gauntlet | Found a transporter.
 18195 | Gauntlet | Found a transporter.
 18204 | Gauntlet | Found a transporter.
 18243 | Gauntlet | Found a transporter.
 18255 | Gauntlet | Found a transporter.
 18257 | Gauntlet | Found a transporter.
 18266 | Gauntlet | Found a transporter.
 18353 | Gauntlet | Found a transporter.
 18408 | Gauntlet | Found a runed translucent door.
 18440 | Gauntlet | Identified the +0 pair of gloves "Deorgh" {rPois Slay+2
                  | Stlth-}
 18495 | Gauntlet | Identified the +3 falchion "Killer Bee's Doom" {flame,
                  | rCorr Int+4}
 18599 | D:14     | Reached skill level 15 in Spellcasting
 19092 | D:14     | Noticed Lodul
 19113 | D:14     | Killed Lodul
 19128 | D:14     | Reached skill level 10 in Fighting
 19686 | Snake:1  | Entered Level 1 of the Snake Pit
 19729 | Snake:1  | Noticed Nikola
 19732 | Snake:1  | Reached skill level 1 in Evocations
 19768 | Snake:1  | Noticed Aizul
 19769 | Snake:1  | Noticed Frances
 19809 | Lair:4   | Killed Nikola
 19852 | Snake:1  | Killed Frances
 19853 | Snake:1  | Killed Aizul
 19860 | Snake:1  | Noticed Mlioglotl
 19884 | Snake:1  | Killed Mlioglotl
 20196 | Snake:2  | Noticed a nagaraja
 20205 | Snake:2  | Killed a nagaraja
 20241 | Snake:2  | Reached XP level 17. HP: 96/120 MP: 0/0
 20241 | Snake:2  | Learned a level 6 spell: Death Channel
 20414 | Snake:2  | Identified a scroll of acquirement
 20415 | Snake:2  | Acquired the +1 cloak "Etriptao" {rF+ Will+ Slay+2}
 20559 | Snake:2  | Lost mutation: You are partially covered in iridescent
                  | scales. (AC +2) [Jiyva's grace]
 20559 | Snake:2  | Lost mutation: Your body is covered in eyes which may
                  | confuse attackers. (Acc +7, SInv) [Jiyva's grace]
 20559 | Snake:2  | Gained mutation: Your body is covered in eyes which may
                  | confuse attackers. (Acc +7, SInv) [Jiyva's grace]
 20559 | Snake:2  | Gained mutation: You have acidic saliva. [Jiyva's grace]
 20559 | Snake:2  | Gained mutation: You are covered in slimy tendrils that may
                  | disarm your opponents. [Jiyva's grace]
 20559 | Snake:2  | Gained mutation: You are strong-willed. (Will+) [Jiyva's
                  | grace]
 20762 | Snake:2  | Noticed Vashnia
 20844 | Snake:2  | Killed Vashnia
 20968 | Snake:2  | Found Hahoedio's Assorted Antiques.
 20968 | Snake:2  | Found Jeexid's Jewellery Shop.
 21431 | Snake:2  | Upgraded the game from 0.29-a0-676-ga64570c9d2 to
                  | 0.29-a0-700-g2f1814c7b2
 21478 | Snake:3  | Reached skill level 15 in Dodging
 21676 | Snake:3  | Reached skill level 16 in Spellcasting
 22007 | Snake:3  | Identified the +10 rapier of Koamegg {venom, Stlth+}
 22125 | Snake:3  | Noticed Azrael
 22145 | Snake:3  | Killed Azrael
 22146 | Snake:3  | Reached skill level 5 in Evocations
 22680 | Snake:4  | Entered Level 4 of the Snake Pit
 22805 | Snake:4  | Lost mutation: You are resistant to electric shocks.
                  | (rElec) [Jiyva's grace]
 22805 | Snake:4  | Lost mutation: Your translucent skin reduces your foes'
                  | accuracy. (Stealth+) [Jiyva's grace]
 22805 | Snake:4  | Gained mutation: You are highly strong-willed. (Will++)
                  | [Jiyva's grace]
 22805 | Snake:4  | Gained mutation: You are extremely strong-willed. (Will+++)
                  | [Jiyva's grace]
 22805 | Snake:4  | Gained mutation: Your spells are a little harder to cast,
                  | but a little more powerful. [Jiyva's grace]
 22805 | Snake:4  | Gained mutation: Your spells are harder to cast, but more
                  | powerful. [Jiyva's grace]
 22947 | Snake:4  | Reached XP level 18. HP: 106/128 MP: 0/0
 24018 | Snake:4  | Got a serpentine rune of Zot
 24265 | Shoals:1 | Entered Level 1 of the Shoals
 24277 | Shoals:1 | You are sucked into a shaft and drop 1 floor!
 24482 | Shoals:2 | Found Voagam's Magic Scroll Boutique.
 24760 | Shoals:2 | Found Hiqig's Merfolk Weapons.
 24773 | Shoals:2 | Found Hiqig's Merfolk Magic.
 24773 | Shoals:2 | Found Hiqig's Merfolk Armours.
 24865 | Shoals:2 | Lost mutation: Your spells are harder to cast, but more
                  | powerful. [Jiyva's grace]
 24865 | Shoals:2 | Lost mutation: You have acidic saliva. [Jiyva's grace]
 24865 | Shoals:2 | Lost mutation: Your body is covered in eyes which may
                  | confuse attackers. (Acc +7, SInv) [Jiyva's grace]
 24865 | Shoals:2 | Lost mutation: Your body has grown many eyes which may
                  | confuse attackers. (Acc +5) [Jiyva's grace]
 24865 | Shoals:2 | Lost mutation: You have a small jelly attached to you that
                  | may absorb projectiles. [Jiyva's grace]
 24865 | Shoals:2 | Gained mutation: Armour fits poorly on your pseudopods.
                  | [Jiyva's grace]
 24865 | Shoals:2 | Gained mutation: Armour fits poorly on your large
                  | pseudopods. [Jiyva's grace]
 24865 | Shoals:2 | Gained mutation: Armour fits poorly on your massive
                  | pseudopods. [Jiyva's grace]
 24865 | Shoals:2 | Gained mutation: Your movements are slightly less
                  | encumbered by armour. (ER -2) [Jiyva's grace]
 25029 | Shoals:3 | Found a flickering gateway to a bazaar.
 25033 | Bazaar   | Entered a bazaar
 25047 | Bazaar   | Found Ohoho's General Store.
 25076 | Bazaar   | Found Qacate's Antique Weapon Shoppe.
 25091 | Bazaar   | Found Hykhirch's Antique Weapon Emporium.
 25091 | Bazaar   | Found Failuq's Weapon Shoppe.
 25127 | Bazaar   | Bought a crude dagger for 133 gold pieces
 25127 | Bazaar   | Identified the +4 dagger "Ponaaj" {vorpal, rF+} (You bought
                  | it in a shop in a bazaar)
 25127 | Bazaar   | Bought a fading battleaxe for 218 gold pieces
 25127 | Bazaar   | Identified the +5 battleaxe "Boin" {spect, Int+3} (You
                  | bought it in a shop in a bazaar)
 25512 | Shoals:3 | Noticed Ilsuiw
 25534 | Shoals:3 | Reached skill level 1 in Long Blades
 25544 | Shoals:3 | Killed Ilsuiw
 25545 | Shoals:3 | Reached skill level 17 in Spellcasting
 25643 | Shoals:3 | Noticed Bai Suzhen
 25649 | Shoals:3 | Reached XP level 19. HP: 136/136 MP: 0/0
 25649 | Shoals:3 | Learned a level 6 spell: Iron Shot
 25658 | Shoals:3 | Killed Bai Suzhen
 26002 | Shoals:4 | Entered Level 4 of the Shoals
 26056 | Shoals:4 | Identified the +3 robe of Eshrissoe {Rampage Fly rPois
                  | Int-2}
 26088 | Shoals:4 | Found a frozen archway.
 26102 | IceCv    | Entered an ice cave
 27294 | Shoals:4 | Lost mutation: You are extremely strong-willed. (Will+++)
                  | [Jiyva's grace]
 27294 | Shoals:4 | Lost mutation: Armour fits poorly on your massive
                  | pseudopods. [Jiyva's grace]
 27294 | Shoals:4 | Lost mutation: Armour fits poorly on your large pseudopods.
                  | [Jiyva's grace]
 27294 | Shoals:4 | Gained mutation: You expend health (3 HP) to strengthen
                  | your wands. [Jiyva's grace]
 27294 | Shoals:4 | Gained mutation: You have a beak for a mouth. [Jiyva's
                  | grace]
 27294 | Shoals:4 | Gained mutation: You have hidden genetic potential.
                  | [Jiyva's grace]
 27294 | Shoals:4 | Gained mutation: You have great hidden genetic potential.
                  | [Jiyva's grace]
 27748 | Shoals:4 | Got a barnacled rune of Zot
 27941 | Shoals:1 | Reached skill level 5 in Long Blades
 27990 | Shoals:1 | Noticed Josephine
 27994 | Shoals:1 | Killed Josephine
 28259 | Shoals:1 | Reached XP level 20. HP: 110/144 MP: 0/0
 28763 | Elf:1    | Entered Level 1 of the Elven Halls
 28826 | Elf:1    | Reached skill level 18 in Spellcasting
 29171 | Elf:1    | Lost mutation: You are highly strong-willed. (Will++)
                  | [Jiyva's grace]
 29171 | Elf:1    | Lost mutation: You are strong-willed. (Will+) [Jiyva's
                  | grace]
 29171 | Elf:1    | Lost mutation: Armour fits poorly on your pseudopods.
                  | [Jiyva's grace]
 29171 | Elf:1    | Lost mutation: Your translucent skin slightly reduces your
                  | foes' accuracy. (Stealth+) [Jiyva's grace]
 29171 | Elf:1    | Gained mutation: You have a small jelly attached to you
                  | that senses nearby items. [Jiyva's grace]
 29171 | Elf:1    | Gained mutation: You are partially covered in iridescent
                  | scales. (AC +2) [Jiyva's grace]
 29171 | Elf:1    | Gained mutation: You are mostly covered in iridescent
                  | scales. (AC +4) [Jiyva's grace]
 29171 | Elf:1    | Gained mutation: You are completely covered in iridescent
                  | scales. (AC +6) [Jiyva's grace]
 29482 | Elf:2    | Found Dechamuh's Book Shop.
 29514 | Elf:2    | Found Uczyrre's Antique Armour Emporium.
 29709 | Elf:2    | Found Lanoimea's Armour Emporium.
 29742 | Elf:2    | Found Vetrips's Distillery.
 29899 | Elf:2    | Found Dimpatunuan's General Store.
 29900 | Elf:2    | Paralysed by an air elemental for 1 turns
 29922 | Elf:2    | Found a runed translucent gate.
 29922 | Elf:2    | Found a runed translucent gate.
 29925 | Elf:2    | Found a runed translucent gate.
 30069 | Elf:3    | Entered Level 3 of the Elven Halls
 30197 | Elf:3    | Gained mutation: You are strong-willed. (Will+) [hidden
                  | potential]
 30386 | Elf:3    | Found Hox Buip's Armour Emporium.
 31129 | Elf:3    | Reached XP level 21. HP: 117/154 MP: 0/0
 31129 | Elf:3    | Learned a level 7 spell: Dragon Form
 31173 | Elf:3    | Identified the +6 great sword of Might {drain, MP+9}
 31175 | Elf:3    | Reached skill level 15 in Fighting
 31214 | Elf:3    | Noticed a Tzitzimitl
 31292 | Elf:3    | Identified the +0 chain mail "Wusotesy" {+Inv rPois Stlth+}
 31791 | D:15     | Entered Level 15 of the Dungeon
 31822 | D:15     | Lost mutation: You are completely covered in iridescent
                  | scales. (AC +6) [Jiyva's grace]
 31822 | D:15     | Lost mutation: You are mostly covered in iridescent scales.
                  | (AC +4) [Jiyva's grace]
 31822 | D:15     | Lost mutation: You have great hidden genetic potential.
                  | [Jiyva's grace]
 31822 | D:15     | Lost mutation: You expend health (3 HP) to strengthen your
                  | wands. [Jiyva's grace]
 31822 | D:15     | Lost mutation: Your movements are slightly less encumbered
                  | by armour. (ER -2) [Jiyva's grace]
 31822 | D:15     | Gained mutation: Your translucent skin slightly reduces
                  | your foes' accuracy. (Stealth+) [Jiyva's grace]
 31822 | D:15     | Gained mutation: Your translucent skin reduces your foes'
                  | accuracy. (Stealth+) [Jiyva's grace]
 31822 | D:15     | Gained mutation: Your transparent skin significantly
                  | reduces your foes' accuracy. (Stealth+) [Jiyva's grace]
 31822 | D:15     | Gained mutation: You are partially covered in large bone
                  | plates. (SH +4) [Jiyva's grace]
 31843 | D:15     | Found a staircase to the Depths.
 31859 | D:15     | Reached skill level 1 in Staves
 32507 | Depths:1 | Entered Level 1 of the Depths
 32757 | D:15     | Upgraded the game from 0.29-a0-700-g2f1814c7b2 to
                  | 0.29-a0-789-g7a8fcbc185
 32830 | Vaults:1 | Entered Level 1 of the Vaults
 32835 | Vaults:1 | Reached skill level 19 in Spellcasting
 32987 | Vaults:1 | Gained mutation: Your muscles are strong. (Str +4, Int/Dex
                  | -1) [hidden potential]
 32987 | Vaults:1 | Lost mutation: You have hidden genetic potential. [hidden
                  | potential expressed]
 33097 | Vaults:1 | Found a portal to a secret trove of treasure.
 33370 | Abyss:3  | Cast into level 3 of the Abyss (vault warden)
 33413 | Abyss:3  | Reached skill level 5 in Staves
 33426 | Abyss:3  | Got an abyssal rune of Zot
 33638 | Abyss:3  | Paralysed by accursed screaming for 1 turns
 33640 | Abyss:3  | Paralysed by accursed screaming for 2 turns
 33645 | Abyss:3  | HP: 1/106 [thrashing horror (8)]
 33645 | Abyss:3  | Killed from afar by a starcursed mass

Illustrated notes

Levels and vault maps discovered:
D:1:      lightli_arrival_flooded_house, layout_basic,
          ebering_ecumenical_altar_rust, minmay_rat_gold_closets
D:2:      layout_basic, basic_altar, serial_forest,
          infiniplex_forest_straight_3, infiniplex_forest_lined_3,
          infiniplex_forest_end_2, infiniplex_forest_straight_2
D:3:      layout_rooms, lightli_temple_of_fire,
          mainiacjoe_overflow_small_starburst, uniq_robin,
          uniq_crazy_yiuf_cottage
D:4:      layout_cave_pools, makhleb_heckhound_becter, dancing_weapons_uskayaw
D:5:      layout_gridville, portal_sewer_entry_f, serial_shops,
          nicolae_shop_crystal, uniq_menkaure, uniq_duvessa
D:6:      layout_gridville, nicolae_kikubaaqudgha_miasma_corner,
          yredelemnul_forgotten_temple_becter,
          nicolae_ru_great_annihilating_truth, minmay_temple_entry_offerings,
          serial_shops, shop_fountains, lightli_minifort
D:7:      layout_basic, uniq_maggie, uniq_joseph
D:8:      layout_gridville
D:9:      layout_basic, lemuel_crystal_altar, nicolae_tso_swordbearing_angel,
          minmay_lair_entry_lava, uniq_erolcha
D:10:     layout_cave_pools, serial_shops, nicolae_diamond_shop,
          hellmonk_scale_shop, uniq_erica
D:11:     layout_stronghold, orc_0_dummy, nicolae_ashenzari_panopticon
D:12:     layout_rooms
D:13:     layout_basic, lightli_vaults_fourway_checkpoint, serial_shops,
          nicolae_shop_stone
D:14:     layout_basic, gauntlet_entry_generic, dreamdust_wishing_well,
          bh_hangedman_babel_library, uniq_lodul
D:15:     hangedman_depths_entry_try_elsewhere_first, layout_long_grid,
          nicolae_sextant
Lair:1:   gammafunk_cloud_chamber, layout_chaotic_city
Lair:2:   layout_chaotic_city, serial_bayou_shore_b, lemuel_fruit_tree,
          grunt_megastairs_5
Lair:3:   layout_long_grid, serial_rivers, chequers_serial_rivers_small_a,
          chequers_serial_rivers_large_b, chequers_serial_rivers_large_a,
          chequers_serial_rivers_small_3, chequers_serial_rivers_marsh,
          chequers_serial_rivers_micro_d, grunt_megastairs_3
Lair:4:   layout_cave_pods, minmay_shoals_entry_hut,
          minmay_snake_entry_guardpost_small, eino_house_with_fridge,
          uniq_nergalle
Lair:5:   layout_cave_shapes
Lair:6:   minmay_lair_end_enchanted_forest, layout_concentric_octagons,
          slime_entry_2, basic_altar, uniq_sonja
Shoals:1: layout_shoals, nicolae_shoals_water_shrine, uniq_josephine
Shoals:2: nicolae_shoals_mermall, layout_shoals, serial_shops,
          nicolae_stop_n_shop_2, yaktaur_hedge
Shoals:3: layout_shoals, serial_shops, freezing_bzr,
          nicolae_shoals_lost_giant_pillars, nicolae_shoals_spectral_cove,
          uniq_bai_suzhen, uniq_ilsuiw
Shoals:4: shoals_end_grunt_ice, layout_shoals,
          portal_ice_cave_entry_ice_statue_one, overgrown_tower
Snake:1:  layout_rooms, uniq_frances, uniq_nikola, uniq_aizul, uniq_mlioglotl
Snake:2:  layout_cave_pods, nicolae_snake_gridmaze_entwining, minmay_shoptagon,
          uniq_vashnia
Snake:3:  layout_layer_cave, uniq_azrael
Snake:4:  johnstein_snake_rune_scales, layout_chambers
Slime:1:  layout_caves, nicolae_slime_barrier
Slime:2:  layout_caves, uniq_dissolution
Slime:3:  layout_caves, nicolae_slime_ancient_tower_intersection
Slime:4:  layout_caves
Slime:5
Orc:1:    layout_diamond_mine, basic_altar, serial_shops, shop_statue
Orc:2:    hellmonk_orc_salted, layout_caves, basic_altar
Elf:1:    layout_loops_cross, minmay_elf_necromancy
Elf:2:    nicolae_elf_blades_splatter_lattice
          [nicolae_blade_entry_area_security], layout_geoelf_octagon,
          serial_shops, nicolae_diamond_shop, shop, shop_statue, shop, shop
Elf:3:    grunt_elf_hall_asides, layout_onion_city, serial_shops,
          nicolae_shop_hallway_plus, dk_noncrumbling_2
Vaults:1: v_alt_pattern_5, v_pattern_2, nicolae_vaults_halls_meeting,
          vaults_room_ringed_pool, v_misc_31, vaults_mumra_minichess,
          nicolae_vaults_little_squares_6, hangedman_vaults_stretched_pinwheel,
          layout_vaults_maze_bifur, enter_trove_5
Depths:1: layout_big_octagon, lightli_enter_wizlab_magi_temple,
          cheibriados_altar_1, pf_hell_entry_tar_river, abyss_entry_crystal,
          elyvilon_altar_5, minmay_shop_star, grunt_megastairs_1
Abyss:3:  base: Zot:3, grunt_abyss_rune_wretched_hive,
          spicy_abyss_pitcher_plant, evilmike_abyss_exit_6,
          evilmike_abyss_exit_6, evilmike_abyss_exit_chaos,
          evilmike_abyss_exit_3, evilmike_abyss_exit_10,
          evilmike_abyss_exit_chaos

Skill      XL: |  1  2  3  4  5  6  7  8  9 10 11 12 13 14 15 16 17 18 19 20 21 |
---------------+----------------------------------------------------------------+-----
Spellcasting   | 3 4 5 6 8 9 10 11 12 13 14 15 16 17 18 19 | 19.3
Armour         | 3 6 8 9 10 11 12 13 14 | 14.5
Dodging        | 5 7 9 10 11 12 13 14 15 16 17 18 | 18.5
Fighting       | 4 6 8 9 10 11 12 13 14 16 | 16.1
Evocations     | 3 5 7 |  7.0
Long Blades    | 1 5 6 |  6.6
Staves         | 5 |  5.2
Stealth        | |  1.5

Action                   |  1- 3 |  4- 6 |  7- 9 | 10-12 | 13-15 | 16-18 | 19-21 || total
-------------------------+-------+-------+-------+-------+-------+-------+-------++-------
Melee: Unarmed           |    64 |       |       |       |       |       |     1 ||    65
       Whip              |   261 |       |       |       |       |       |       ||   261
       Dagger            |     7 |    15 |    74 |       |       |       |       ||    96
       Punch             |     6 |       |     2 |     2 |    22 |    10 |     8 ||    50
       Spear             |       |       |    76 |   119 |  1124 |   325 |       ||  1644
       Long sword        |       |       |       |       |       |   508 |   391 ||   899
       Bite              |       |       |       |       |       |    55 |       ||    55
       Scimitar          |       |       |       |       |       |    20 |       ||    20
       Pseudopods        |       |       |       |       |       |     6 |    63 ||    69
       Peck              |       |       |       |       |       |       |    83 ||    83
       Quarterstaff      |       |       |       |       |       |       |   143 ||   143
 Cast: Shock             |    71 |    80 |    35 |    13 |     4 |       |       ||   203
       Static Discharge  |     2 |     4 |     4 |     8 |    49 |    15 |       ||    82
       Scorch            |       |       |    64 |   127 |   121 |    43 |       ||   355
       Frozen Ramparts   |       |       |     6 |    15 |     9 |     6 |       ||    36
       Airstrike         |       |       |     2 |    94 |   151 |   130 |   304 ||   681
       Summon Guardian G |       |       |       |     5 |     2 |    18 |     1 ||    26
       Swiftness         |       |       |       |     1 |     1 |     1 |     2 ||     5
       Agony             |       |       |       |       |     4 |     3 |       ||     7
       Manifold Assault  |       |       |       |       |    68 |    99 |    31 ||   198
       Statue Form       |       |       |       |       |     5 |    29 |    17 ||    51
       Death Channel     |       |       |       |       |       |    25 |    20 ||    45
       Iron Shot         |       |       |       |       |       |       |   249 ||   249
       Dragon Form       |       |       |       |       |       |       |     2 ||     2
Invok: Slimify           |       |       |       |     2 |     4 |       |     1 ||     7
       Oozemancy         |       |       |       |       |     2 |     3 |     1 ||     6
  Use: Scroll            |       |     7 |       |     5 |    10 |     6 |     7 ||    35
       Potion            |       |       |       |     2 |     2 |     7 |     6 ||    17
 Stab: Sleeping          |       |     1 |     2 |     1 |     9 |     3 |     1 ||    17
       Paralysed         |       |       |     1 |       |       |       |       ||     1
       Distracted        |       |       |       |       |     4 |     6 |     4 ||    14
       Confused          |       |       |       |       |       |    23 |       ||    23
Armor: Robe              |     2 |     3 |    35 |       |       |       |       ||    40
       Steam dragon scal |       |       |    30 |    78 |   202 |    66 |     7 ||   383
       Skin              |       |       |       |       |    52 |   389 |   183 ||   624
       Leather armour    |       |       |       |       |       |       |    85 ||    85
Dodge: Dodged            |    15 |    22 |   135 |   273 |  2204 |  1764 |  1010 ||  5423
Block: Other             |       |       |       |       |       |       |    26 ||    26

Table legend: (Time is in decaauts)
 A = Elapsed time spent in this place.
 B = Non-inter-level travel time spent in this place.
 C = Inter-level travel time spent in this place.
 D = Time resting spent in this place.
 E = Time spent auto-exploring this place.
 F = Levels seen in this place.
 G = Mean time per level.
                   A        B        C        D        E       F      G
               +--------+--------+--------+--------+--------+-----+--------+
         Total |  35514 |  33157 |   2357 |    922 |  19957 |  46 |  772.0 |
       Dungeon |  13122 |  11870 |   1252 |    300 |   8231 |  15 |  874.8 |
          Lair |   6000 |   5511 |    489 |    158 |   3511 |   6 | 1000.0 |
        Shoals |   4209 |   4109 |    100 |    152 |   2379 |   4 | 1052.2 |
     Snake Pit |   5009 |   4836 |    173 |     60 |   3247 |   4 | 1252.2 |
    Slime Pits |    440 |    370 |     70 |      0 |    234 |   5 |   88.0 |
  Orcish Mines |   1351 |   1255 |     96 |     16 |    500 |   2 |  675.5 |
   Elven Halls |   2833 |   2657 |    176 |    135 |   1394 |   3 |  944.3 |
        Vaults |    609 |    609 |      0 |     15 |    295 |   1 |  609.0 |
        Depths |     11 |     11 |      0 |      0 |      0 |   1 |   11.0 |
         Abyss |    317 |    317 |      0 |      0 |      1 |   1 |  317.0 |
        Bazaar |    125 |    125 |      0 |      0 |      0 |   1 |  125.0 |
         Sewer |    459 |    459 |      0 |      0 |    134 |   1 |  459.0 |
      Ice Cave |    604 |    604 |      0 |     86 |     29 |   1 |  604.0 |
      Gauntlet |    419 |    419 |      0 |      0 |      0 |   1 |  419.0 |
               +--------+--------+--------+--------+--------+-----+--------+

Top non-repeatable levels by time:
 Snake:4: 1800 daAuts
  Lair:6: 1610 daAuts
 Snake:2: 1407 daAuts
   Elf:3: 1383 daAuts
     D:2: 1369 daAuts
 Snake:3: 1304 daAuts
Shoals:4: 1303 daAuts
  Lair:4: 1195 daAuts
     D:9: 1163 daAuts
     D:1: 1134 daAuts
Shoals:3: 1130 daAuts
    D:14: 1128 daAuts
     D:5: 990 daAuts
    D:15: 982 daAuts
   Orc:2: 974 daAuts
